AoeStats
← kV0t3

Arabia

510448554Analyzed
1v1 RM · 7h ago on Oct 1, 2026· 51m 20s· 2 players
Game mode
Random Map
Map size
Tiny (2 player)
Population
200
Speed
Normal
Resources
Standard
Victory
Conquest
Starting age
Dark Age
Ending age
Imperial Age
RankedLock teamsTeams togetherTeam positionsShared explorationLock speedFull tech treeHidden civsTurbo modeCheats
Victory
Defeat
🇲🇽 Maya · Mexico
1296
+15
🇦🇷 Maya · Argentina
1273
-15
kV0t3
0:25 Loom
9:28 Feudal Age
9:41 Man-at-Arms
14:45 Double-Bit Axe
16:31 Fletching
16:41 Padded Archer Armor
17:27 Wheelbarrow
23:25 Scale Mail Armor
23:36 Forging
28:22 Castle Age
26:35 Gold Mining
28:28 Long Swordsman
30:19 Chain Mail Armor
32:16 Bow Saw
31:49 Horse Collar
32:09 Arson
32:25 Squires
35:44 Iron Casting
35:38 Elite Skirmisher
41:57 Imperial Age
39:39 Stone Mining
41:17 Ballistics
41:09 Bodkin Arrow
41:15 Town Watch
43:23 Bracer
45:27 Guard Tower
49:10 Crossbowman
50:43 Leather Archer Armor
51:41 Hul'che Javelineers
roly_vic
6:29 Loom
9:29 Feudal Age
9:33 Man-at-Arms
10:24 Double-Bit Axe
16:54 Fletching
21:19 Padded Archer Armor
25:11 Castle Age
23:29 Scale Mail Armor
23:47 Gold Mining
23:42 Horse Collar
24:20 Forging
25:14 Eagle Warrior
26:21 Chain Mail Armor
28:53 Iron Casting
29:44 Squires
33:30 Bow Saw
35:16 Bodkin Arrow
35:37 Leather Archer Armor
39:00 Ballistics
41:25 Imperial Age
43:20 Chemistry
42:23 Heavy Plow
43:26 Blast Furnace
42:29 Bracer
42:59 Ring Archer Armor
43:10 Conscription
44:10 Elite Plumed Archer
45:40 Wheelbarrow
47:56 Thumb Ring
47:11 Crossbowman
48:26 Plate Mail Armor
48:17 Arbalester
48:39 Elite Eagle Warrior
50:29 Holcans
49:51 Arson
50:36 Fervor
Connection lost

Rejoining the realm…

Still unreachable

The connection could not be restored.

Session expired

The server has moved on; the page needs a fresh start.